 Dungeon Crawl Stone Soup version 0.19.0-18-g426998a (webtiles) character file.

159 dysrexia the Cutter (level 5, -1/28 HPs)
             Began as a Spriggan Monk on Nov 11, 2016.
             Slain by an iron imp (6 damage)
             ... summoned by Natasha
             ... on level 3 of the Dungeon.
             The game lasted 00:05:27 (2751 turns).

dysrexia the Cutter (Spriggan Monk)                 Turns: 2751, Time: 00:05:28

Health: -1/28      AC:  2    Str:  7    XL:     5   Next: 17%
Magic:  6/6        EV: 21    Int: 12    God:
Gold:   77         SH:  0    Dex: 19    Spells: 0 memorised, 4 levels left

rFire  . . .     SeeInvis +     a - +0 short sword
rCold  . . .     Gourm    .     b - +0 robe
rNeg   . . .     Faith    .     (shield restricted)
rPois  .         Spirit   .     (helmet restricted)
rElec  .         Reflect  .     (no cloak)
rCorr  .         Harm     .     (gloves unavailable)
MR     .....                    (boots unavailable)
Stlth  +++.......               (no amulet)
                                (no ring)
                                (no ring)

@: very quick
A: unfitting armour, see invisible, herbivore 3, speed 3, slow metabolism 2
a: no special abilities


You were on level 3 of the Dungeon.
You were not hungry.

You visited 1 branch of the dungeon, and saw 3 of its levels.

You collected 77 gold pieces.

Inventory:

Hand Weapons
 a - a +0 short sword (weapon)
Missiles
 g - 24 stones (quivered)
Armour
 b - a +0 robe (worn)
Scrolls
 f - 2 scrolls of amnesia {unknown}
 h - 4 scrolls of identify {unknown}
 k - a scroll of recharging {unknown}
 l - a scroll of remove curse {unknown}
 m - 2 scrolls of enchant weapon {unknown}
 n - a scroll of magic mapping {unknown}
 q - a scroll of teleportation {unknown}
Potions
 d - 4 potions of curing {unknown}
 e - 2 potions of agility {unknown}
 i - a potion of might {unknown}
 j - 2 potions of lignification {unknown}
 o - a potion of heal wounds {unknown}
 p - a potion of ambrosia {unknown}
Comestibles
 c - 2 bread rations


   Skills:
 - Level 2.9 Fighting
 * Level 5.2 Short Blades
 - Level 4.8 Dodging
 + Level 5.0 Stealth


You had 4 spell levels left.
You didn't know any spells.

Dungeon Overview and Level Annotations

Branches:
Dungeon (3/15)

Altars:

Annotations:
D:3 Natasha


Innate Abilities, Weirdness & Mutations

You are very small and have problems with some larger weapons.
You are too small for most types of armour.
You have supernaturally acute eyesight. (SInv)
You are a herbivore.
You cover ground extremely quickly.
You need consume almost no food.


Message History

The crimson imp completely misses you. The shadow imp completely misses you.
You closely miss Natasha.
Natasha is almost dead.
Natasha claws you.
* * * LOW HITPOINT WARNING * * *
The crimson imp blinks!
The shadow imp barely misses you.
Unknown command.
You closely miss Natasha.
Natasha is almost dead.
Natasha misses you. The shadow imp gestures at you.
You resist with significant effort.
You closely miss Natasha.
Natasha is almost dead.
Natasha misses you. The crimson imp hits you.
* * * LOW HITPOINT WARNING * * *
You hit Natasha.
Natasha is almost dead.
The shadow imp misses you. The iron imp hits you.
You die...

#.. #.
......##.#
......#..#####
..>.....:....##
..............##
...............#
...............#
......5....<...#
......h@5!.....#
.......5.......#
...............#
#.............##
##.....#.....##
#############


You could see an iron imp, Natasha, a crimson imp and a shadow imp.

Vanquished Creatures
  Natasha (D:3)
  3 gnolls (D:2)
  5 adders
  2 oozes
  A worm (D:2)
  A dart slug (D:1)
  3 orcs
  A giant cockroach (D:1)
  3 goblins
  7 hobgoblins
  7 jackals
  2 bats (D:2)
  3 frilled lizards
  7 kobolds
  3 rats
49 creatures vanquished.

Notes
Turn   | Place    | Note
-------+----------+-------------------------------------------
     0 | D:1      | dysrexia the Spriggan Monk began the quest for the Orb.
     0 | D:1      | Reached XP level 1. HP: 11/11 MP: 2/2
   119 | D:1      | Reached XP level 2. HP: 13/16 MP: 3/3
  1222 | D:2      | Reached XP level 3. HP: 19/19 MP: 4/4
  1411 | D:2      | Reached XP level 4. HP: 23/23 MP: 5/5
  2234 | D:3      | Noticed Natasha
  2235 | D:3      | Killed Natasha
  2235 | D:3      | Reached skill level 5 in Short Blades
  2235 | D:3      | Reached skill level 5 in Stealth
  2235 | D:3      | Reached XP level 5. HP: 28/28 MP: 6/6
  2721 | D:3      | Noticed Natasha
  2751 | D:3      | Slain by an iron imp

Skill      XL: |  1  2  3  4 |
---------------+-------------+-----
Short Blades   | 4 5 |  5.2
Stealth        | 4 5 |  5.0
Fighting       | |  2.9
Dodging        | |  4.8

Action                   |  1- 3 |  4- 6 || total
-------------------------+-------+-------++-------
Melee: Short sword       |   106 |   116 ||   222
Throw: Stone             |     1 |       ||     1
 Stab: Sleeping          |     2 |     5 ||     7
       Distracted        |       |     1 ||     1
Armor: Robe              |     4 |     5 ||     9
Dodge: Dodged            |    66 |   106 ||   172
